[ AOE2 MATCH · #506409088 ]
UnrankedPersians vs Sicilians
Player's team · WIN
Rival team · LOSS
[ REPLAY ANALYSIS · EXTRACTED FROM THE RECORDED GAME ]
Feudal
—
Castle
—
Imperial
—
| APM avg | 47.3 |
| APM peak | 96 |
| eAPM avg | 26.7 |
| Villagers / military | 11 / 0 |
Focus
⚔️ 24.0% · 🌾 76.0%
Feudal
—
Castle
—
Imperial
—
| APM avg | 45.5 |
| APM peak | 55 |
| eAPM avg | 16.9 |
| Villagers / military | 19 / 0 |
Focus
⚔️ 10.4% · 🌾 89.6%
Match map
Initial resources + every placement click. Lines = walls · curves = elevation contours. ◆ gold · ⬟ stone · ● berries · ✦ relic · ◌ wall gap
Your base
ANGOOSE's base
Smoothed initial terrain · ◌ = detected wall gap · hover for details
Inputs per minute
— Papapishu8352 - - ANGOOSE
Build order — Papapishu8352
17 actions detected in the replay
| 0:01 | Queue | Villager (Male) |
| 0:01 | Queue | Villager (Male) |
| 0:03 | Build | House |
| 0:36 | Queue | Villager (Male) |
| 1:09 | Research | Loom |
| 1:52 | Queue | Villager (Male) |
| 1:52 | Queue | Villager (Male) |
| 1:53 | Queue | Villager (Male) |
| 1:53 | Queue | Villager (Male) |
| 3:01 | Queue | Villager (Male) |
| 3:33 | Queue | Villager (Male) |
| 4:08 | Queue | Villager (Male) |
| 4:51 | Build | Town Center |
| 5:11 | Build | Palisade Wall |
| 5:17 | Build | Palisade Wall |
| 5:22 | Build | Palisade Gate |
| 6:37 | Queue | Villager (Male) |
Build order — ANGOOSE
23 actions detected in the replay
| 0:01 | Queue | Villager (Male) ×4 |
| 0:03 | Build | House |
| 0:05 | Build | House |
| 1:33 | Queue | Villager (Male) |
| 1:51 | Build | Lumber Camp |
| 2:00 | Queue | Villager (Male) |
| 2:00 | Queue | Villager (Male) |
| 2:13 | Queue | Villager (Male) |
| 2:13 | Queue | Villager (Male) |
| 2:52 | Queue | Villager (Male) |
| 3:20 | Queue | Villager (Male) |
| 3:27 | Build | House |
| 3:29 | Build | House |
| 3:44 | Queue | Villager (Male) |
| 4:18 | Research | Loom |
| 4:38 | Queue | Villager (Male) |
| 5:38 | Build | Donjon |
| 5:51 | Queue | Villager (Male) |
| 5:51 | Queue | Villager (Male) |
| 6:19 | Queue | Villager (Male) |
| 6:19 | Queue | Villager (Male) |
| 6:34 | Queue | Villager (Male) |
| 6:35 | Queue | Villager (Male) |
Match timeline
| 5:11 | Papapishu8352 · wall_segment Palisade Wall x1 |
| 5:17 | Papapishu8352 · wall_segment Palisade Wall x1 |
| 5:38 | ANGOOSE · first_building Donjon |
| 6:42 | ANGOOSE · resign |
[ AI ANALYSIS · 1 CREDIT ]
What really happened in this match?
Wolo.gg analyzes every decision: build order, eco, micro, common mistakes by bracket. Personalized analysis on WhatsApp or Discord in 30 seconds.
Civ guide
Persians
Perfil
Jugador #19470619